 Seeded DCSS version 0.30-a0-371-gad7725a93e (webtiles) character file.

Game seed: 11984096714474768227 (custom seed)

136 purpskrrrp the Sneak (level 4, 0/27 HPs)
             Began as a Vampire Brigand on Nov 23, 2022.
             Slain by an orc
             ... wielding a +1 hand axe of freezing
              (5 damage)
             ... on level 3 of the Dungeon.
             The game lasted 00:03:28 (1749 turns).

purpskrrrp the Sneak (Vampire Brigand)              Turns: 1749, Time: 00:03:29

Health: 0/27       AC:  0    Str:  8 (10) XL:     4   Next: 98%
Magic:  2/4        EV: 20    Int: 11 (13) God:
Gold:   65         SH:  0    Dex: 20 (22) Spells: 3/3 levels left

rFire   . . .      SeeInvis +    (weapon currently unavailable)
rCold   + + .      Faith    .    (shield currently unavailable)
rNeg    + + +      Spirit   .    (body armour currently unavailable)
rPois   ∞          Reflect  .    (helmet currently unavailable)
rElec   .          Harm     .    (cloak currently unavailable)
rCorr   .          Rampage  .    (gloves currently unavailable)
Will    .....                    (boots currently unavailable)
Stlth   ++++++....               (no amulet)
HPRegen 0.00/turn                (ring currently unavailable)
MPRegen 0.09/turn                (ring currently unavailable)

@: bat-form, flying, bloodless, inhibited regen, very quick
A: fast, flying, no casting, tiny, bloodless, fangs 3, see invisible, vampiric 2
a: Revivify, End Transformation


You were on level 3 of the Dungeon.
You were a vampire bat.
You visited 1 branch of the dungeon, and saw 3 of its levels.

You collected 65 gold pieces.

Inventory:

Hand Weapons
 a - a +5 vampiric dagger (melded)
Missiles
 d - 11 poisoned darts
 e - 3 curare-tipped darts
Armour
 b - a +0 robe (melded)
 c - a +0 cloak (melded)
Scrolls
 f - a scroll of teleportation {unknown}
 i - a scroll of amnesia
 j - 2 scrolls of identify
Potions
 g - a potion of berserk rage
 h - a potion of mutation
 k - a potion of cancellation {unknown}


   Skills:
 + Level 2.5 Fighting
 + Level 3.2 Short Blades
 - Level 1.5 Throwing
 + Level 2.5 Dodging
 * Level 7.6 Stealth


You had 3 spell levels left.
You didn't know any spells.
Your spell library contained the following spells:

 Spells                   Type           Power      Damage    Failure   Level
 Passage of Golubria      Tloc           0%         N/A       98%         4
 Silence                  Hex/Air        0%         N/A       100%        5
 Lehudib's Crystal Spear  Conj/Erth      0%         10d2      100%        8


Dungeon Overview and Level Annotations

Branches:
Dungeon (3/15)

Altars:


Innate Abilities, Weirdness & Mutations

You are a vampire bat.
You are tiny and dextrous.
You move quickly.
You are flying.
You are immune to poison.
Your equipment is almost entirely melded.
You are incapable of wielding weapons or throwing items.
You cannot cast spells.
You do not regenerate when monsters are visible.
You are frail without blood (-20% HP).
You can heal yourself when you bite living creatures.
You are immune to poison.
You have razor-sharp teeth.
You have supernaturally acute eyesight. (SInv)
You are afflicted with vampirism and can become a bat while bloodless.


Message History

The orc hits you but does no damage. The orc barely misses you.
You puncture the orc!
You kill the orc!
The orc closely misses you. The orc barely misses you. x2
The orc hits you with a +0 morningstar.
You are too injured to fight recklessly!
You are too injured to fight recklessly!
You are too injured to fight recklessly!
You are too injured to fight recklessly!
You are too injured to fight recklessly!
You are too injured to fight recklessly!
You are too injured to fight recklessly!
You are too injured to fight recklessly!
You are too injured to fight recklessly!
You are too injured to fight recklessly!
You are too injured to fight recklessly!
You are too injured to fight recklessly!
You are too injured to fight recklessly!
You are too injured to fight recklessly!
You are too injured to fight recklessly!
You are too injured to fight recklessly!
You are too injured to fight recklessly!
You are too injured to fight recklessly!
You are too injured to fight recklessly!
The orc barely misses you. The orc attacks as you move away!
The orc closely misses you.
Okay, then.
As you read the scroll of identify, it crumbles to dust.
h - a potion of mutation The orc hits you with a +1 hand axe of freezing.
* * * LOW HITPOINT WARNING * * *
The orc completely misses you. The orc barely misses you. x2
You turn into a vampire bat.
Your +5 vampiric dagger melds into your body.
Your +0 cloak melds into your body.
Your +0 robe melds into your body.
You feel your glee subside.
You feel weakened.
You feel dopey.
You feel clumsy.
The orc hits you with a +1 hand axe of freezing.
You die...

##### #)#.##
#ooo.# #.#o##
#o#b# #.#.# ..#.#
###.#
################.#
...........†.....#
##########......##
...>.....#.####.#
.......# #.# #.#


You could see 3 orcs.

Vanquished Creatures
  Jessica (D:2)
  5 adders
  2 worms (D:2)
  2 dart slugs
  An orc (D:3)
  5 endoplasms
  3 giant cockroaches (D:2)
  4 goblins
  4 hobgoblins
  A jackal (D:1)
  4 quokkas
  6 ball pythons (D:2)
  5 bats
  4 frilled lizards
  5 kobolds
  4 rats
56 creatures vanquished.

Notes
Turn   | Place    | Note
-------+----------+-------------------------------------------
     0 | D:1      | purpskrrrp the Vampire Brigand began the quest for the Orb.
     0 | D:1      | Reached XP level 1. HP: 16/16 MP: 1/1
    93 | D:1      | Reached skill level 6 in Stealth
   129 | D:1      | Found a faded altar of an unknown god.
   225 | D:1      | Reached XP level 2. HP: 13/17 MP: 2/2
   904 | D:2      | Noticed Jessica
   910 | D:2      | Killed Jessica
   911 | D:2      | Gained mutation: You are afflicted with vampirism and can
                  | become a bat while bloodless. [Vampire growth]
   911 | D:2      | Reached XP level 3. HP: 21/21 MP: 3/3
   934 | D:2      | Reached skill level 7 in Stealth
   949 | D:2      | Reached XP level 4. HP: 27/27 MP: 4/4
  1749 | D:3      | Slain by an orc

Illustrated notes

Levels and vault maps discovered:
D:1:      dpeg_arrival_brainrot, layout_basic, shapermc_ecumenical_altar_ellora,
          chequers_serial_rivers_large_a
D:2:      layout_loops_cross, minmay_misc_feat_room, st_stairs_11,
          minmay_heptomino_l4, uniq_jessica
D:3:      layout_basic, minmay_quadrilaterals, uniq_ijyb

Skill      XL: |  1  2  3  4 |
---------------+-------------+-----
Stealth        | 6 7 |  7.6
Fighting       | 2 |  2.5
Dodging        | 2 |  2.5
Short Blades   | 3 |  3.2
Throwing       | |  1.5

Action                   |  1- 3 |  4- 6 || total
-------------------------+-------+-------++-------
Melee: Dagger            |    57 |    57 ||   114
       Bite              |     3 |     3 ||     6
       Punch             |       |     1 ||     1
 Abil: Exsanguinate      |     1 |       ||     1
       Bat Form          |       |     1 ||     1
  Use: Scroll            |     8 |     1 ||     9
 Stab: Sleeping          |     9 |    16 ||    25
       Distracted        |       |     1 ||     1
Armor: Robe              |    13 |    10 ||    23
Dodge: Dodged            |    22 |    41 ||    63

Table legend: (Time is in decaauts)
 A = Elapsed time spent in this place.
 B = Non-inter-level travel time spent in this place.
 C = Inter-level travel time spent in this place.
 D = Time resting spent in this place.
 E = Time spent auto-exploring this place.
 F = Levels seen in this place.
 G = Mean time per level.
                   A        B        C        D        E       F      G
               +--------+--------+--------+--------+--------+-----+--------+
         Total |   1743 |   1633 |    110 |      0 |   1241 |   3 |  581.0 |
       Dungeon |   1743 |   1633 |    110 |      0 |   1241 |   3 |  581.0 |
               +--------+--------+--------+--------+--------+-----+--------+

Top non-repeatable levels by time:
     D:1: 875 daAuts
     D:2: 719 daAuts
     D:3: 148 daAuts
